 Dungeon Crawl Stone Soup version 0.30-a0-591-g3c58d2bc28 (webtiles) character file.

Game seed: 297542829519969032

101 Adrian566 the Slasher (level 4, -7/34 HPs)
             Began as a Demonspawn Gladiator on Jan 6, 2023.
             Splashed by a jelly's acid (9 damage)
             ... on level 3 of the Dungeon.
             The game lasted 00:01:52 (1723 turns).

Adrian566 the Slasher (Demonspawn Gladiator)        Turns: 1723, Time: 00:01:53

Health: -7/34      AC: -2    Str: 14    XL:     4   Next: 48%
Magic:  4/4        EV: 14    Int: 10    God:
Gold:   138        SH:  4    Dex: 22    Spells: 3/3 levels left

rFire   . . .      SeeInvis .    a - +0 long sword
rCold   . . .      Faith    .    (no shield)
rNeg    . . .      Spirit   .    b - +0 leather armour
rPois   .          Reflect  .    c - +0 helmet
rElec   .          Harm     .    (no cloak)
rCorr   .          Rampage  .    p - +0 pair of gloves
Will    .....                    (no boots)
Stlth   ++                       (no amulet)
HPRegen 0.25/turn                s - +6 ring of dexterity
MPRegen 0.09/turn                v - ring of flight

@: corroded, flying
A: sturdy frame 1, condensation shield, demonic magic 1
a: no special abilities


You were on level 3 of the Dungeon.
You visited 1 branch of the dungeon, and saw 3 of its levels.

You collected 138 gold pieces.

Inventory:

Hand Weapons
 a - a +0 long sword (weapon)
Missiles
 d - 5 throwing nets (quivered)
 e - a javelin
Armour
 b - a +0 leather armour (worn)
 c - a +0 helmet (worn)
 p - a +0 pair of gloves (worn)
Jewellery
 k - a ring of wizardry
 s - a +6 ring of dexterity (left hand)
 v - a ring of flight (right hand)
Scrolls
 f - 3 scrolls of identify {unknown}
 h - a scroll of enchant weapon {unknown}
 i - a scroll of fear {unknown}
 l - 2 scrolls of enchant armour {unknown}
 m - a scroll of noise {unknown}
 n - a scroll of blinking {unknown}
 q - a scroll of brand weapon {unknown}
 t - 2 scrolls of magic mapping {unknown}
 u - a scroll of poison {unknown}
Potions
 g - 2 potions of curing
 j - 2 potions of resistance {unknown}
 o - 2 potions of heal wounds {unknown}
 r - a potion of might {unknown}


   Skills:
 + Level 2.8 Fighting
 + Level 3.7 Long Blades
 + Level 1.7 Throwing
 + Level 1.3 Armour
 + Level 3.1 Dodging
 + Level 0.1 Stealth
 + Level 0.1 Shields


You had 3 spell levels left.
You didn't know any spells.
Your spell library contained the following spells:

 Spells                   Type           Power      Damage    Failure   Level
 Blink                    Tloc           0%         N/A       52%         2
 Static Discharge         Conj/Air       0%         2-2/arc   52%         2
 Vhi's Electric Charge    Tloc/Air       0%         N/A       75%         3
 Manifold Assault         Tloc           0%         N/A       98%         4
 Arcjolt                  Conj/Air       0%         1d10      100%        5
 Lightning Bolt           Conj/Air       0%         1d11      100%        5
 Storm Form               Tmut/Air       0%         N/A       100%        7


Dungeon Overview and Level Annotations

Branches:
Dungeon (3/15)

Altars:

Shops:
D:1 *   D:3 *

Annotations:
D:3 3 runed translucent doors, sokol815's ghost, weakling OpBr


Innate Abilities, Weirdness & Mutations

Your movements are slightly less encumbered by armour. (ER -2)
A meltable shield of frost defends you. (SH +4)
Spells you cast may paralyse adjacent enemies.


Message History

No target in view!
No target in view!
No target in view!
No target in view!
No target in view!
No target in view!
No target in view!
There is an entrance to Wohe's Assorted Antiques here.
There is a fountain of clear blue water here.
Found a sling.
You reach down and open the door.
There is an open door here.
f - 3 scrolls labelled QOROENAEVVI (gained 1)
You now have 138 gold pieces (gained 6).
A jelly comes into view.
A jelly is nearby!
The jelly barely misses you.
You slash the jelly!
Your hands burn!
The jelly is heavily wounded.
The jelly hits you but does no damage.
You hit the jelly. The acid corrodes you!
Your hands burn!
The jelly is severely wounded.
The jelly hits you. The acid corrodes you!
You are splashed with acid!
You hit the jelly.
Your hands burn!
The jelly is severely wounded.
The jelly hits you.
You are splashed with acid!
* * * LOW HITPOINT WARNING * * *
You are too injured to fight recklessly!
You are too injured to fight recklessly!
You are too injured to fight recklessly!
You are too injured to fight recklessly!
A jelly is nearby!
A jelly is nearby!
You hit the jelly but do no damage.
Your hands burn!
* * * LOW HITPOINT WARNING * * *
The jelly is severely wounded.
The jelly hits you.
* * * LOW HITPOINT WARNING * * *
You are splashed with acid!
You die...

#####.#### ##.....#
#........## ##.......
#.###.#...####........
#........+...)....
#.#...####........
#....## #.......
###..# ##.....#
#.#####..# ######...##
#^..J@...# ........##
########.# ######..###
#.# .##..... #..
#.#..##. ##. #....#. #
##..... #..... ##..##.
#...##.


You could see a jelly.

Vanquished Creatures
  5 adders
  2 worms (D:2)
  2 dart slugs
  4 endoplasms
  2 giant cockroaches (D:1)
  8 goblins
  2 hobgoblins (D:2)
  2 jackals (D:2)
  3 kobolds
  4 quokkas
  4 ball pythons
  2 bats (D:1)
  2 frilled lizards (D:2)
  3 rats
45 creatures vanquished.

Notes
Turn   | Place    | Note
-------+----------+-------------------------------------------
     0 | D:1      | Adrian566 the Demonspawn Gladiator began the quest for the
                  | Orb.
     0 | D:1      | Reached XP level 1. HP: 16/16 MP: 1/1
   182 | D:1      | Gained mutation: A meltable shield of frost defends you.
                  | (SH +4) [demonic ancestry]
   182 | D:1      | Reached XP level 2. HP: 22/22 MP: 2/2
   342 | D:1      | Found Zimemu's Assorted Antiques.
   756 | D:1      | Reached skill level 1 in Armour
   756 | D:1      | Gained mutation: Your movements are slightly less
                  | encumbered by armour. (ER -2) [demonic ancestry]
   756 | D:1      | Reached XP level 3. HP: 13/28 MP: 3/3
  1059 | D:2      | Gained mutation: Spells you cast may paralyse adjacent
                  | enemies. [demonic ancestry]
  1059 | D:2      | Reached XP level 4. HP: 12/34 MP: 4/4
  1444 | D:3      | Found a runed translucent gate.
  1444 | D:3      | Found a runed translucent gate.
  1447 | D:3      | Found a runed translucent gate.
  1447 | D:3      | Identified the +4 spear "Viehae" {pain, rElec Dex+2 Stlth+}
  1447 | D:3      | Identified the +1 ring mail "Ustriho" {Regen+ Int+5 Dex+2}
  1448 | D:3      | Noticed sokol815's ghost (weakling OpBr)
  1572 | D:3      | Found Wohe's Assorted Antiques.
  1723 | D:3      | Splashed by a jelly's acid

Illustrated notes

Levels and vault maps discovered:
D:1:      dpeg_arrival_castle, layout_loops_ring, serial_shops, shop,
          kennysheep_decorative_pillar
D:2:      layout_rooms, st_stairs_2, glass_columns_c
D:3:      layout_loops_corners, serial_shops,
          nicolae_shop_temple_entry_statues_fountains,
          biasface_ghost_orc_armoury, basic_ecumenical_altar

Skill      XL: |  1  2  3 |
---------------+----------+-----
Long Blades    | 3 |  3.7
Armour         | 1 |  1.3
Dodging        | 3 |  3.1
Fighting       | |  2.8
Throwing       | |  1.7
Stealth        | |  0.1
Shields        | |  0.1

Action                   |  1- 3 |  4- 6 || total
-------------------------+-------+-------++-------
Melee: Long sword        |   119 |    27 ||   146
       Punch             |     1 |       ||     1
  Use: Potion            |     1 |       ||     1
Armor: Leather armour    |    48 |     9 ||    57
Dodge: Dodged            |    88 |    15 ||   103
Block: Other             |    18 |     2 ||    20

Table legend: (Time is in decaauts)
 A = Elapsed time spent in this place.
 B = Non-inter-level travel time spent in this place.
 C = Inter-level travel time spent in this place.
 D = Time resting spent in this place.
 E = Time spent auto-exploring this place.
 F = Levels seen in this place.
 G = Mean time per level.
                   A        B        C        D        E       F      G
               +--------+--------+--------+--------+--------+-----+--------+
         Total |   1762 |   1740 |     22 |      0 |   1371 |   3 |  587.3 |
       Dungeon |   1762 |   1740 |     22 |      0 |   1371 |   3 |  587.3 |
               +--------+--------+--------+--------+--------+-----+--------+

Top non-repeatable levels by time:
     D:1: 842 daAuts
     D:2: 637 daAuts
     D:3: 282 daAuts
